 Dungeon Crawl Stone Soup version 0.31-a0-765-g67fe2935dc (webtiles) character file.

Game seed: 9328095112977766702

9990 Pooter the Cleaver (level 11, -11/89 HPs)
             Began as a Minotaur Fighter on Sept 15, 2023.
             Was a Believer of Hepliaklqana.
             Engulfed by an ice statue's freezing vapour (24 damage)
             ... on level 10 of the Dungeon.
             The game lasted 00:40:08 (8786 turns).

Pooter the Cleaver (Minotaur Fighter)               Turns: 8786, Time: 00:40:09

Health: -11/89     AC: 14    Str: 31    XL:     11   Next: 30%
Magic:  13/13      EV: 10    Int:  5    God:    Hepliaklqana [**....]
Gold:   108        SH:  0    Dex: 10    Spells: 10/10 levels left

rFire   + . .        a - +3 war axe (flame)
rCold   . . .        (no shield)
rNeg    . . .        y - +2 scale mail {Will+}
rPois   .            (helmet restricted)
rElec   .            p - +0 cloak
rCorr   .            e - +1 pair of gloves
SInv    .            z - +1 pair of boots
Will    ++...        h - amulet of the acrobat Stlth
                     F - ring of protection from fire
HPRegen 0.34/turn    r - +6 ring of strength
MPRegen 0.13/turn

%: acrobat
@: enlightened, flying
A: reduced essence, horns 2, retaliatory headbutt
a: Renounce Religion, Ancestor Life: Knight, Ancestor Life: Battlemage, Ancestor
Life: Hexer, Recall Ancestor, Ancestor Identity


You were on level 10 of the Dungeon.
You worshipped Hepliaklqana.
Hepliaklqana was pleased with you.
You visited 2 branches of the dungeon, and saw 11 of its levels.

You collected 541 gold pieces.
You spent 433 gold pieces at shops.

Inventory:

Hand Weapons
 a - a +3 war axe of flaming (weapon)
   (You took it off a wight on level 9 of the Dungeon)
 b - a +0 orcbow
   (You took it off a centaur on level 6 of the Dungeon)
 q - a +0 sling
   (You took it off a goblin on level 2 of the Dungeon)
 t - a +0 war axe of venom
 I - a +0 heavy spear
   (You took it off a gnoll on level 7 of the Dungeon)
 M - a +0 dire flail
   (You took it off an orc warrior on level 8 of the Dungeon)
Missiles
 o - 17 poisoned darts (quivered)
 J - 2 boomerangs
 Q - 104 stones
Armour
 c - a +0 buckler
 e - a +1 pair of gloves (worn)
   (You found it on level 1 of the Dungeon)
 p - a +0 cloak (worn)
   (You found it on level 3 of the Dungeon)
 y - a +2 scale mail of willpower (worn)
   (You found it on level 5 of the Dungeon)
 z - a +1 pair of boots (worn)
   (You found it on level 6 of the Dungeon)
 B - a +0 plate armour
   (You found it on level 6 of the Dungeon)
Jewellery
 h - an amulet of the acrobat (around neck)
   (You found it on level 2 of the Dungeon)
 r - a +6 ring of strength (right hand)
   (You found it on level 3 of the Dungeon)
 F - a ring of protection from fire (left hand)
   (You found it on level 1 of the Dungeon)
Wands
 d - a wand of iceblast (7)
   (You found it on level 8 of the Dungeon)
 f - a wand of flame (27)
   (You found it on level 6 of the Dungeon)
 w - a wand of light (7)
   (You found it on level 5 of the Dungeon)
 H - a wand of mindburst (11)
   (You found it on level 7 of the Dungeon)
Scrolls
 l - 2 scrolls of poison {!r}
 m - 2 scrolls of silence
 n - 2 scrolls of fog
 v - 2 scrolls of noise {!r}
 C - 4 scrolls of blinking
Potions
 g - 9 potions of curing {@q1}
 j - 3 potions of mutation {!q}
 k - a potion of berserk rage
 s - 2 potions of heal wounds {@q2}
 u - a potion of resistance
 x - a potion of enlightenment
 A - 2 potions of ambrosia
 D - 2 potions of invisibility
 E - 3 potions of brilliance
 K - 2 potions of might


   Skills:
 + Level 9.7 Fighting
 * Level 12.6 Axes
 * Level 10.8 Ranged Weapons
 - Level 3.6 Armour
 - Level 4.0 Shields
 + Level 5.1 Invocations
 + Level 4.4 Evocations


You had 10 spell levels left.
You didn't know any spells.
Your spell library contained the following spells:

 Spells                   Type           Power      Damage    Failure   Level
 Inner Flame              Hex/Fire       0%         N/A       97%         3
 Tukima's Dance           Hex            0%         N/A       97%         3
 Animate Armour           Summ/Erth      0%         N/A       100%        4
 Dimensional Bullseye     Hex/Tloc       0%         N/A       100%        4
 Iskenderun's Mystic Bla  Conj/Tloc      0%         2d3       100%        4
 Summon Lightning Spire   Summ/Air       0%         N/A       100%        4
 Lee's Rapid Deconstruct  Erth           0%         3d4*      100%        5
 Yara's Violent Unravell  Hex/Tmut       0%         3d3       100%        5
 Enfeeble                 Hex            0%         N/A       100%        7


Dungeon Overview and Level Annotations

Branches:
Dungeon (10/15) Zot: 26966  Temple (1/1) D:6 Zot: 5957    Lair (0/5) D:9
    Orc: D:9-12

Altars:
Ashenzari
Cheibriados
Dithmenos
Elyvilon
Fedhas
Gozag
Hepliaklqana
Kikubaaqudgha
Makhleb
Nemelex Xobeh
Okawaru
Qazlal
Ru
Sif Muna
Trog
Uskayaw
Vehumet
Wu Jian
Xom
Yredelemnul
Zin
The Shining One

Shops:
D:4 ?   D:5 !

Annotations:
D:10 exclusion: ice statue
Temple 2 transporters


Innate Abilities, Weirdness & Mutations

Your life essence is reduced to manifest your ancestor. (-10% HP)
You have a pair of horns on your head.
You reflexively headbutt those who attack you in melee.


Message History

You add the spells Summon Lightning Spire, Animate Armour and Lee's Rapid Deconstruction to your library.
You swap places.
Found a club and a pair of runed boots.
An ice statue comes into view.
Found 36 gold pieces.
Found an escape hatch in the ceiling.
The ice statue gestures.
Marking area around an ice statue as unsafe for travelling.
Found a glowing dagger.
You now have 81 gold pieces (gained 19).
Found a serpentine lead ring.
Found 15 gold pieces.
You see here 27 gold pieces.
You now have enough gold to buy a potion of mutation on D:5.
You can access your shopping list by pressing '$'.
You now have 108 gold pieces (gained 27).
Your +3 war axe of flaming bursts into flame!
a - a +3 war axe of flaming (weapon)
You feel very buoyant.
You fly up into the air.
A centaur comes into view.
Found a tubular garnet ring and an amulet of the acrobat.
The centaur shouts!
The centaur wields a +0 shortbow.
The centaur shoots an arrow.
The arrow hits you. The ice beast closely misses you.
The ice statue gestures at you. The shard of ice hits you!
The centaur shoots an arrow.
The arrow hits you. The ice beast closely misses you.
The centaur shoots an arrow.
The arrow completely misses you. The ice statue gestures at you.
The freezing blast misses you.
You see here a +0 club.
You hit the ice statue.
You melt the ice statue.
You headbutt the ice statue, but do no damage.
You slash the ice beast!
You melt the ice beast.
You are engulfed in freezing vapours.
The ice beast hits you but does no damage.
Audrea hits the ice beast.
You hit the ice statue.
You melt the ice statue.
You headbutt the ice statue, but do no damage.
You slash the ice beast!
You melt the ice beast.
You kill the ice beast!
The ice beast disappears in a puff of smoke!
You are engulfed in freezing vapours.
The ice statue gestures at you. The shard of ice hits you!!
* * * LOW HITPOINT WARNING * * *
You hit the ice statue but do no damage.
You headbutt the ice statue.
You are engulfed in freezing vapours.
You die...

#.##.. #..#.# ....#
##.#.# ... #...##
#.###.#..########
#..#..#..........
##.#.##....§☼≈...
#######...##..§##○##..
.....<........≈#R°)#≈§#
############..§≈@8°≈§§#
#..≈#○○○#§.# #...##§##
. ......≈§≈.
####.....§§.
#####.c.... ######


You could see the friendly Audrea the ancestor and an ice statue (ally target).

Vanquished Creatures
  A two-headed ogre (D:8)
  The ghost of Sundig the Trooper, a novice DgFi (D:8)
  2 cyclopes (D:9)
  An unseen horror (D:9)
  3 kobold demonologists (D:9)
  2 hornets (D:9)
  A meliai (D:9)
  Grinder (D:4)
  3 wyverns (D:9)
  3 steam dragons
  5 yaks (D:9)
  2 water moccasins
  2 ice beasts
  2 black bears
  3 orc warriors
  A sky beast (D:7)
  4 centaurs
  2 kobold brigands
  A gnoll sergeant (D:7)
  3 scorpions
  7 bullfrogs
  5 wights
  5 killer bees (D:9)
  5 howler monkeys
  3 jellies
  2 orc priests
  A gnoll bouda (D:9)
  2 hounds (D:5)
  2 iguanas
  3 sleepcaps
  7 orc wizards
  A centaur simulacrum (D:9)
  10 adders
  9 gnolls
  2 white imps
  3 dart slugs
  14 orcs
  8 ball pythons
  9 endoplasms
  5 giant cockroaches
  10 hobgoblins
  10 jackals
  10 kobolds
  5 quokkas
  4 bats
  3 frilled lizards (D:1)
  8 goblins
  4 rats
200 creatures vanquished.

Vanquished Creatures (collateral kills)
  A two-headed ogre (D:9)
  A wraith (D:9)
  2 yaks (D:9)
  A bullfrog (D:9)
  An orc wizard (D:9)
  A gnoll (D:9)
7 creatures vanquished.

Vanquished Creatures (others)
  3 ancestors (D:9)
3 creatures vanquished.

Grand Total: 210 creatures vanquished

Notes
Turn   | Place    | Note
-------+----------+-------------------------------------------
     0 | D:1      | Pooter the Minotaur Fighter began the quest for the Orb.
     0 | D:1      | Reached XP level 1. HP: 19/19 MP: 0/0
   170 | D:1      | Reached skill level 3 in Axes
   170 | D:1      | Reached XP level 2. HP: 27/27 MP: 1/1
   296 | D:1      | Reached XP level 3. HP: 28/33 MP: 2/2
   706 | D:2      | Reached skill level 4 in Axes
   786 | D:2      | Reached XP level 4. HP: 35/41 MP: 3/3
  1700 | D:3      | Reached skill level 1 in Ranged Weapons
  1758 | D:3      | Reached skill level 5 in Axes
  1758 | D:3      | Reached XP level 5. HP: 47/47 MP: 4/4
  2215 | D:4      | Found Movead Xeba's Magic Scroll Emporium.
  2218 | D:4      | Bought a scroll of identify for 22 gold pieces
  2218 | D:4      | Bought a scroll of identify for 22 gold pieces
  2218 | D:4      | Bought a scroll of identify for 22 gold pieces
  2218 | D:4      | Bought a scroll of noise for 11 gold pieces
  2336 | D:4      | Noticed Grinder
  2351 | D:4      | Killed Grinder
  2352 | D:4      | Reached skill level 5 in Fighting
  2352 | D:4      | Reached skill level 6 in Axes
  2352 | D:4      | Reached XP level 6. HP: 55/56 MP: 5/5
  2635 | D:5      | Entered Level 5 of the Dungeon
  2650 | D:5      | Found an ancient bone altar of Kikubaaqudgha.
  2672 | D:5      | Noticed a water moccasin
  2682 | D:5      | Killed a water moccasin
  2817 | D:4      | Bought a scroll of brand weapon for 104 gold pieces
  2849 | D:5      | Reached XP level 7. HP: 61/61 MP: 6/6
  3198 | D:5      | Found Jadaul's Distillery.
  3206 | D:5      | Bought a potion of degeneration for 12 gold pieces
  3206 | D:5      | Bought a potion of might for 48 gold pieces
  3275 | D:6      | Reached skill level 7 in Axes
  3392 | D:6      | Reached skill level 5 in Ranged Weapons
  3402 | D:6      | Reached XP level 8. HP: 50/71 MP: 7/7
  3476 | D:6      | Reached skill level 8 in Axes
  4182 | D:5      | Bought a potion of invisibility for 96 gold pieces
  4357 | D:6      | Found a bloodstained altar of Trog.
  4357 | D:6      | Found an opulent altar of Gozag.
  4409 | D:6      | Found a staircase to the Ecumenical Temple.
  4418 | Temple   | Found a transporter.
  4418 | Temple   | Found a transporter.
  4418 | Temple   | Found a transporter.
  4418 | Temple   | Found a transporter.
  4418 | Temple   | Entered the Ecumenical Temple
  4446 | Temple   | Became a worshipper of Hepliaklqana the Forgotten
  4559 | D:7      | Reached skill level 9 in Axes
  5258 | D:7      | Reached XP level 9. HP: 79/79 MP: 8/8
  5329 | D:7      | Reached skill level 1 in Invocations
  5330 | D:7      | Reached skill level 1 in Evocations
  5698 | D:7      | Reached skill level 10 in Axes
  6399 | D:8      | Noticed a two-headed ogre
  6409 | D:8      | Killed a two-headed ogre
  6423 | D:8      | Reached * piety under Hepliaklqana
  6465 | D:8      | Upgraded the game from 0.31-a0-750-gfe7b580527 to
                  | 0.31-a0-765-g67fe2935dc
  6539 | D:8      | Found a runed translucent gate.
  6540 | D:8      | Found a runed translucent gate.
  6542 | D:8      | Found a runed translucent gate.
  6914 | D:8      | Noticed Sundig's ghost (novice DgFi)
  6925 | D:8      | Killed Sundig's ghost
  6926 | D:8      | Reached XP level 10. HP: 70/81 MP: 11/11
  7020 | D:9      | Reached skill level 11 in Axes
  7181 | D:9      | Noticed a smoke demon
  7466 | D:9      | Found a staircase to the Lair.
  7719 | D:9      | Noticed a cyclops
  7722 | D:9      | Noticed a cyclops
  7724 | D:9      | Reached skill level 12 in Axes
  7724 | D:9      | Reached skill level 10 in Ranged Weapons
  7724 | D:9      | Reached XP level 11. HP: 78/87 MP: 13/13
  8036 | D:9      | Noticed a two-headed ogre
  8041 | D:9      | Killed a two-headed ogre
  8042 | D:9      | Reached skill level 5 in Invocations
  8073 | D:9      | Reached ** piety under Hepliaklqana
  8358 | D:5      | Bought a potion of invisibility for 96 gold pieces
  8751 | D:10     | Entered Level 10 of the Dungeon
  8786 | D:10     | Engulfed by an ice statue's freezing vapour

Illustrated notes

Levels and vault maps discovered:
D:1:      onia_arrival_pentagram, layout_loops_ring, serial_bayou_pond_b,
          kennysheep_flooded_box
D:2:      layout_loops_cross
D:3:      layout_rooms
D:4:      layout_loops_ring, serial_shops, nicolae_shop_rolled_up, uniq_grinder
D:5:      layout_rooms, old_standard_altar, serial_shops, shop
D:6:      layout_basic, gammafunk_temple_overflow_pools,
          minmay_temple_entry_mist, minmay_starry_boxes
D:7:      layout_basic, minmay_misc_feat_rows, st_stairs_8
D:8:      layout_basic, ebering_ghost_rock_garden
D:9:      nzn_winding_woodlands_cross [nzn_winding_woodlands_5x15_crooked,
          nzn_winding_woodlands_5x15_cabin, nzn_winding_woodlands_5x15_eye,
          nzn_winding_woodlands_5x15_jagged,
          nzn_winding_woodlands_15x15_killbox], layout_stronghold
D:10:     minmay_the_grid_four_pointed_star_mashed
          [minmay_the_grid_triangle_9x9_limited_checkers,
          minmay_the_grid_triangle_9x9_corruption,
          minmay_the_grid_triangle_9x9_stretched_checkered,
          minmay_the_grid_triangle_9x9_corrupted_corridor,
          minmay_the_grid_prize_four_corners_diamond_a], layout_loops_ring,
          minmay_orc_entry_guard_dogs, nicolae_trove_entry_free_sample,
          minivault_15, uniq_psyche
Temple:   hellmonk_temple_divided_pantheon

Skill      XL: |  1  2  3  4  5  6  7  8  9 10 11 |
---------------+----------------------------------+-----
Axes           | 3 4 5 6 7 9 10 12 | 12.6
Fighting       | 4 5 6 7 8 9 |  9.7
Shields        | 4 |  4.0
Ranged Weapons | 1 3 5 7 9 10 | 10.8
Invocations    | 3 4 5 |  5.1
Evocations     | 2 4 |  4.4
Armour         | |  3.6

Action                     |  1- 3 |  4- 6 |  7- 9 | 10-12 || total
---------------------------+-------+-------+-------+-------++-------
  Melee: War axe           |    62 |    62 |   136 |    73 ||   333
         Headbutt          |     9 |    14 |    39 |    18 ||    80
         Punch             |       |       |     2 |     3 ||     5
   Fire: Sling             |       |    52 |     9 |       ||    61
         Orcbow            |       |       |    60 |    21 ||    81
  Throw: Dart              |       |     6 |     3 |     3 ||    12
 Invoke: Ancestor Identity |       |       |       |     1 ||     1
  Evoke: Wand              |       |       |     4 |     8 ||    12
    Use: Scroll            |     1 |     7 |     7 |     6 ||    21
         Potion            |       |     1 |     1 |     2 ||     4
   Stab: Invisible         |       |       |     1 |       ||     1
         Distracted        |       |       |       |     1 ||     1
 Armour: Scale mail        |    39 |    64 |   137 |    59 ||   299
  Dodge: Dodged            |    39 |    55 |   112 |    46 ||   252
  Block: Buckler           |     1 |       |       |       ||     1

Table legend: (Time is in decaauts)
 A = Elapsed time spent in this place.
 B = Non-inter-level travel time spent in this place.
 C = Inter-level travel time spent in this place.
 D = Time resting spent in this place.
 E = Time spent auto-exploring this place.
 F = Levels seen in this place.
 G = Mean time per level.
                   A        B        C        D        E       F      G
               +--------+--------+--------+--------+--------+-----+--------+
         Total |   8849 |   8372 |    477 |   1400 |   5502 |  11 |  804.5 |
       Dungeon |   8806 |   8329 |    477 |   1400 |   5502 |  10 |  880.6 |
        Temple |     42 |     42 |      0 |      0 |      0 |   1 |   42.0 |
               +--------+--------+--------+--------+--------+-----+--------+

Top non-repeatable levels by time:
     D:9: 1611 daAuts
     D:7: 1426 daAuts
     D:6: 1151 daAuts
     D:8: 990 daAuts
     D:5: 812 daAuts
     D:4: 735 daAuts
     D:2: 733 daAuts
     D:1: 728 daAuts
     D:3: 582 daAuts
  Temple: 42 daAuts
    D:10: 33 daAuts
